 Dungeon Crawl Stone Soup version 0.30-a0-305-g026cb31310 (webtiles) character file.

Game seed: 6373350328105589135

1954 koil the Covert (level 8, -12/42 HPs)
             Began as a Spriggan Brigand on Oct 23, 2022.
             Was an Initiate of Wu Jian.
             Killed from afar by a steam dragon (17 damage)
             ... with a ball of steam
             ... on level 7 of the Dungeon.
             The game lasted 00:25:09 (7249 turns).

koil the Covert (Spriggan Brigand)                  Turns: 7249, Time: 00:25:09

Health: -12/42     AC:  4    Str:  7    XL:     8   Next: 99%
Magic:  17/17      EV: 20    Int: 14    God:    Wu Jian [......]
Gold:   352        SH:  0    Dex: 17    Spells: 9/17 levels left

rFire   . . .      SeeInvis +    a - +2 dagger (vorpal)
rCold   . . .      Faith    .    (no shield)
rNeg    + . .      Spirit   .    r - +0 robe
rPois   .          Reflect  .    (helmet restricted)
rElec   .          Harm     .    c - +1 cloak
rCorr   .          Rampage  .    (gloves unavailable)
Will    +....                    (boots unavailable)
Stlth   ++++......               q - amulet of magic regeneration
HPRegen 0.27/turn                m - ring of positive energy
MPRegen 0.55/turn                (no ring)

@: very quick
A: very small, no large weapons, unfitting armour, see invisible, speed 3
a: Renounce Religion


You were on level 7 of the Dungeon.
You worshipped Wu Jian.
Wu Jian was noncommittal.
You visited 2 branches of the dungeon, and saw 8 of its levels.
You also visited: Sewer.

You collected 422 gold pieces.
You spent 70 gold pieces at shops.

Inventory:

Hand Weapons
 a - a +2 vorpal dagger (weapon)
 e - a +0 shortbow
Missiles
 d - 14 poisoned darts (quivered)
 o - 2 curare-tipped darts
 p - 2 throwing nets
Armour
 c - a +1 cloak (worn)
 r - a +0 robe (worn)
Magical Staves
 v - a staff of earth
Jewellery
 b - the amulet of Tender Moments {Drain rC+ Regen+ Int+5}
   (You acquired it in the Ecumenical Temple)

   [amulet of regeneration]

   Int:       It affects your intelligence (+5).
   rC:        It protects you from cold.
   Regen:     It increases your rate of health regeneration.
   Drain:     It drains your maximum health when unequipped.
 m - a ring of positive energy (left hand)
 q - an amulet of magic regeneration (around neck)
Wands
 l - a wand of iceblast (7)
 w - a wand of charming (15)
 y - a wand of flame (14)
Scrolls
 f - 2 scrolls of amnesia
 g - 3 scrolls of teleportation
 h - a scroll of identify
 i - a scroll of blinking
 t - a scroll of vulnerability {unknown}
 u - a scroll of fear
Potions
 j - a potion of haste
 k - 4 potions of might
 n - a potion of magic
 s - a potion of berserk rage
 x - a potion of attraction {unknown}
 z - a potion of curing
 A - 2 potions of flight {unknown}


   Skills:
 + Level 4.2 Fighting
 + Level 5.6 Short Blades
 - Level 2.0 Throwing
 + Level 6.2 Dodging
 + Level 9.4 Stealth
 + Level 5.4 Spellcasting
 + Level 2.3 Conjurations
 + Level 4.6 Translocations


You had 9 spell levels left.
You knew the following spells:

 Your Spells              Type           Power      Damage    Failure   Level
a - Blink                 Tloc           32%        N/A       3%          2
b - Magic Dart            Conj           40%        1d5       6%          1
c - Iskenderun's Battles  Conj           10%        2d6       87%         5

Your spell library contained the following spells:

 Spells                   Type           Power      Damage    Failure   Level
 Momentum Strike          Conj/Tloc      26%        3d8       6%          2
 Lesser Beckoning         Tloc           32%        N/A       8%          3
 Searing Ray              Conj           20%        2d5       10%         2
 Call Imp                 Summ           3%         N/A       26%         2
 Mephitic Cloud           Conj/Pois/Air  6%         N/A       36%         3
 Fulminant Prism          Conj/Hex       3%         3d6       71%         4
 Animate Dead             Necr           3%         N/A       86%         4
 Borgnjor's Vile Clutch   Necr/Erth      1%         N/A       99%         5
 Death Channel            Necr           1%         N/A       100%        6


Dungeon Overview and Level Annotations

Branches:
Dungeon (7/15)             Temple (1/1) D:4           Sewer (visited)

Altars:
Ashenzari
Dithmenos
Elyvilon
Gozag
Hepliaklqana
Kikubaaqudgha
Makhleb
Nemelex Xobeh
Okawaru
Qazlal
Sif Muna
Trog
Uskayaw
Vehumet
Wu Jian
Yredelemnul

Shops:
D:3 =   D:6 !


Innate Abilities, Weirdness & Mutations

You are very small and have problems with some larger weapons.
You are too small for most types of armour.
You have supernaturally acute eyesight. (SInv)
You cover ground extremely quickly. (Speed+++)


Message History

The steam dragon is lightly wounded.
The steam dragon closely misses you. The steam dragon completely misses you.
You hit the steam dragon.
The steam dragon is moderately wounded.
The steam dragon bites you! The steam dragon barely misses you.
You are too injured to fight recklessly!
You are too injured to fight recklessly!
You are too injured to fight recklessly!
You are too injured to fight recklessly!
Throw: 18 darts (poison)
Press: ? - help, Q - select action, (/) - cycle Shift-Dir - straight line, f - steam dragon
Aim: a steam dragon (moderately wounded, 63% to hit)
You throw a poisoned dart.
The poisoned dart closely misses the steam dragon.
The steam dragon misses you.
The steam dragon claws you but does no damage.
Throw: 17 darts (poison)
Press: ? - help, Q - select action, (/) - cycle Shift-Dir - straight line, f/p - steam dragon
Aim: a steam dragon (moderately wounded, 63% to hit)
You throw a poisoned dart.
The poisoned dart barely misses the steam dragon.
The steam dragon misses you. The steam dragon completely misses you.
Throw: 16 darts (poison)
Press: ? - help, Q - select action, (/) - cycle Shift-Dir - straight line, f/p - steam dragon
Aim: a steam dragon (moderately wounded, 63% to hit)
You throw a poisoned dart.
The poisoned dart barely misses the steam dragon.
Throw: 15 darts (poison)
Press: ? - help, Q - select action, (/) - cycle Shift-Dir - straight line, f/p - steam dragon
Aim: a steam dragon (moderately wounded, 63% to hit)
You throw a poisoned dart.
The poisoned dart closely misses the steam dragon.
The steam dragon bites you!
* * * LOW HITPOINT WARNING * * *
The steam dragon claws you.
* * * LOW HITPOINT WARNING * * *
Unknown command.
The steam dragon breathes steam at you. The ball of steam hits you!
You die...

##.....# ##
...##.....##
......#..###
##....##....##
##..##........##
###.....##.......#
#.#.......###..#..##
..........#....#.##
#...D§@....####
#........####
#....(..#.##
###.#####.# # ###


You could see a steam dragon (catching breath).

Vanquished Creatures
  A sky beast (D:7)
  2 black bears
  2 centaurs
  3 ogres (D:5)
  A phantom (D:5)
  4 bullfrogs
  2 scorpions
  2 howler monkeys
  A gnoll bouda (D:5)
  4 hounds
  2 jellies
  An orc priest (D:4)
  5 iguanas
  An orc wizard (D:3)
  10 gnolls
  16 adders
  2 white imps
  An ufetubus (D:5)
  3 worms
  A dart slug (D:4)
  8 orcs
  7 ball pythons
  3 bats (D:1)
  4 endoplasms
  11 giant cockroaches
  6 goblins
  7 hobgoblins
  2 jackals (D:4)
  4 kobolds
  13 quokkas
  8 frilled lizards
  7 rats
144 creatures vanquished.

Notes
Turn   | Place    | Note
-------+----------+-------------------------------------------
     0 | D:1      | koil the Spriggan Brigand began the quest for the Orb.
     0 | D:1      | Reached XP level 1. HP: 10/10 MP: 2/2
   125 | D:1      | Reached skill level 6 in Stealth
   150 | D:1      | Reached XP level 2. HP: 14/15 MP: 3/3
   503 | D:1      | Reached skill level 1 in Spellcasting
   847 | D:2      | Reached XP level 3. HP: 9/18 MP: 5/5
   953 | D:2      | You fall into a shaft and drop 1 floor!
   961 | D:3      | Found Yhuwe's Jewellery Emporium.
  1205 | D:3      | Reached XP level 4. HP: 3/23 MP: 7/7
  1386 | D:3      | Found a glowing drain.
  1459 | Sewer    | Entered a sewer
  1703 | Sewer    | Reached XP level 5. HP: 26/27 MP: 9/9
  1871 | Sewer    | Reached skill level 7 in Stealth
  1886 | Sewer    | Reached XP level 6. HP: 9/32 MP: 11/11
  3076 | D:2      | Found a burning altar of Makhleb.
  3633 | D:4      | Found a staircase to the Ecumenical Temple.
  4195 | Temple   | Entered the Ecumenical Temple
  4248 | Temple   | Became a worshipper of Warmaster Okawaru
  4292 | Temple   | Identified a scroll of acquirement
  4292 | Temple   | Acquired the amulet of Tender Moments {Drain rC+ Regen+
                  | Int+5}
  4340 | D:5      | Entered Level 5 of the Dungeon
  4376 | D:5      | Reached XP level 7. HP: 36/36 MP: 13/13
  4386 | D:5      | Learned a level 2 spell: Blink
  4458 | D:5      | Reached skill level 1 in Conjurations
  4626 | D:5      | Reached skill level 1 in Translocations
  4738 | D:5      | Reached skill level 8 in Stealth
  5033 | D:5      | Reached skill level 5 in Dodging
  5300 | D:5      | Reached XP level 8. HP: 14/40 MP: 15/15
  5535 | D:5      | Reached * piety under Okawaru
  6048 | D:5      | Reached skill level 5 in Short Blades
  6321 | D:6      | Got the Dissertation on Blasts
  6324 | D:6      | Learned a level 1 spell: Magic Dart
  6330 | D:6      | Learned a level 5 spell: Iskenderun's Battlesphere
  6453 | D:6      | Reached skill level 9 in Stealth
  6453 | D:6      | Reached skill level 5 in Spellcasting
  6455 | D:6      | Found Omibap's Distillery.
  6500 | D:6      | Bought a potion of berserk rage for 70 gold pieces
  6580 | D:6      | Found an ornate altar of the Wu Jian Council.
  6585 | D:6      | Noticed a spectral centipede
  6585 | D:6      | Noticed a spectral black mamba
  6586 | D:6      | Fell from the grace of Okawaru
  6586 | D:6      | Became a worshipper of the Wu Jian Council
  7249 | D:7      | Killed from afar by a steam dragon

Illustrated notes

Levels and vault maps discovered:
D:1:      heliophobic_arrival_battle_scene, layout_loops_ring
D:2:      layout_loops_corners, basic_altar
D:3:      layout_loops_ring, portal_sewer_entry_e, serial_shops,
          nicolae_shop_statue_plus, kennysheep_big_empty_room
D:4:      layout_basic, minmay_temple_entry_proselytizer
D:5:      minmay_general_purpose_star, layout_basic, grunt_tough_drop
D:6:      layout_loops_ring, pdpol_wu_jian_five_deadly_venoms, serial_shops,
          shop
D:7:      wad_guarded_room, layout_cave_pools
Temple:   eino_wide_crystal_templ

Skill      XL: |  1  2  3  4  5  6  7  8 |
---------------+-------------------------+-----
Stealth        | 6 7 8 9 |  9.4
Spellcasting   | 1 2 3 4 5 |  5.4
Dodging        | 2 3 4 5 6 |  6.2
Fighting       | 2 3 4 |  4.2
Short Blades   | 3 4 5 |  5.6
Conjurations   | 1 2 |  2.3
Translocations | 2 4 |  4.6
Throwing       | |  2.0

Action                   |  1- 3 |  4- 6 |  7- 9 || total
-------------------------+-------+-------+-------++-------
Melee: Dagger            |   113 |   308 |   299 ||   720
       Punch             |       |     3 |     4 ||     7
Throw: Dart              |       |     6 |    78 ||    84
Invok: Lunge             |       |       |     3 ||     3
  Use: Potion            |       |     1 |       ||     1
       Scroll            |       |    13 |       ||    13
 Stab: Sleeping          |    12 |    14 |     5 ||    31
       Distracted        |       |       |     2 ||     2
Armor: Robe              |    18 |    35 |    34 ||    87
Dodge: Dodged            |    85 |   227 |   273 ||   585

Table legend: (Time is in decaauts)
 A = Elapsed time spent in this place.
 B = Non-inter-level travel time spent in this place.
 C = Inter-level travel time spent in this place.
 D = Time resting spent in this place.
 E = Time spent auto-exploring this place.
 F = Levels seen in this place.
 G = Mean time per level.
                   A        B        C        D        E       F      G
               +--------+--------+--------+--------+--------+-----+--------+
         Total |   5282 |   5145 |    137 |    381 |   3230 |   9 |  586.9 |
       Dungeon |   4607 |   4486 |    121 |    381 |   2882 |   7 |  658.1 |
        Temple |     89 |     73 |     16 |      0 |     19 |   1 |   89.0 |
         Sewer |    585 |    585 |      0 |      0 |    329 |   1 |  585.0 |
               +--------+--------+--------+--------+--------+-----+--------+

Top non-repeatable levels by time:
     D:5: 1288 daAuts
     D:3: 743 daAuts
     D:4: 660 daAuts
     D:2: 638 daAuts
   Sewer: 585 daAuts
     D:6: 577 daAuts
     D:1: 471 daAuts
     D:7: 227 daAuts
  Temple: 89 daAuts
